 Dungeon Crawl Stone Soup version 0.17-a0-1572-g7a1422d (webtiles) character file.

11 Chiseanne the Magician (level 2, 0/21 HPs)
             Began as a Demonspawn Wanderer on July 26, 2015.
             Slain by a hobgoblin
             ... wielding a +0 club
              (5 damage)
             ... on level 1 of the Dungeon.
             The game lasted 00:01:43 (774 turns).

Chiseanne the Magician (Demonspawn Wanderer)         Turns: 774, Time: 00:01:43

Health: 0/21       AC:  2    Str: 13    XL:     2   Next: 17%
Magic:  4/5        EV: 12    Int: 13    God:
Gold:   13         SH:  0    Dex: 11    Spells: 1 memorised, 4 levels left

rFire  . . .     SeeInvis .     a - +0 short sword
rCold  . . .     Clarity  .     d - +0 robe
rNeg   . . .     SustAt   .     (no shield)
rPois  .         Gourm    .     (no helmet)
rElec  .         Spirit   .     (no cloak)
rCorr  .         Warding  .     (no gloves)
rMut   .         Stasis   .     (no boots)
MR     .....                    (no amulet)
Stlth  +.........               (no ring)
                                (no ring)

@: very slightly contaminated, not resistant to hostile enchantments, very
unstealthy
A: powered by pain 1
a: no special abilities


You were on level 1 of the Dungeon.
You were not hungry.

You visited 1 branch of the dungeon, and saw 1 of its levels.

You collected 13 gold pieces.

Inventory:

Hand weapons
 a - a +0 short sword (weapon)
Armour
 d - a +0 robe (worn)
Scrolls
 e - a scroll of noise {unknown}
Books
 b - the Handbook of the Last Beggars

   Spells                             Type                      Level
   a - Apportation                    Translocation                1
   b - Recall                         Summoning/Translocation      3
 c - the Grimoire of Flames

   Spells                             Type                      Level
   a - Flame Tongue                   Conjuration/Fire             1
   b - Inner Flame                    Hexes/Fire                   3
 g - a book of Air

   Spells                             Type                      Level
   a - Shock                          Conjuration/Air              1
   b - Swiftness                      Charms/Air                   2
   c - Repel Missiles                 Charms/Air                   2
   d - Static Discharge               Conjuration/Air              3
   e - Lightning Bolt                 Conjuration/Air              5
Comestibles
 f - 2 bread rations


   Skills:
 * Level 1.0 Fighting
   Level 1.0 Staves
 - Level 1.7 Throwing
 * Level 1.8 Dodging
 * Level 2.2 Spellcasting
 + Level 0.4 Conjurations
   Level 2.0 Summonings
 + Level 1.0 Air Magic


You had 4 spell levels left.
You knew the following spells:

 Your Spells              Type           Power        Failure   Level  Hunger
a - Shock                 Conj/Air       #...         21%         1    ##.....


Dungeon Overview and Level Annotations

Branches:
Dungeon (1/15)

Altars:


Innate Abilities, Weirdness & Mutations

You sometimes gain a little power by taking damage.


Message History

The hobgoblin hits you with a club.
* * * LOW HITPOINT WARNING * * *
(D) Dungeon
Where to? (? - help)
Okay, then.
Casting: Shock
Confirm with . or Enter, or press ? or * to list all spells.
Aiming: Shock
Press: ? - help, Shift-Dir - straight line, f - hobgoblin
Aim: a hobgoblin, wielding a club (heavily wounded)
You miscast Shock.
You are very lightly contaminated with residual magic.
Nothing appears to happen.
The hobgoblin barely misses you.
You closely miss the hobgoblin.
The hobgoblin is heavily wounded.
The hobgoblin misses you.
You closely miss the hobgoblin.
The hobgoblin is heavily wounded.
The hobgoblin hits you with a club.
You die...

.....8#............##.#
.
.....<#####.##.....##.#
.....8# #.###...###.#
.....## #.# ##.##....
.....# #.# #.##.###
.....# #.# #....# .#
#8.8## #.# ###.###.#
###### #.#######.....##.
#
#.######.....@g.........
#............#####(####.
############.# .. #.# ##
#.# #.# #.# #.# ..


You could see a hobgoblin.

Vanquished Creatures
  A giant cockroach (D:1)
  3 hobgoblins (D:1)
  2 bats (D:1)
  A giant newt (D:1)
  2 goblins (D:1)
  3 rats (D:1)
12 creatures vanquished.

Notes
Turn   | Place    | Note
--------------------------------------------------------------
     0 | D:1      | Chiseanne the Demonspawn Wanderer began the quest for the Orb.
     0 | D:1      | Chiseanne set off with: a book of Air, the Handbook of the Last Beggars, the Grimoire of Flames, a +0 robe, a +0 club, a bread ration
     0 | D:1      | Reached XP level 1. HP: 13/13 MP: 3/3
     1 | D:1      | Identified the Handbook of the Last Beggars
     1 | D:1      | Identified the Grimoire of Flames
     3 | D:1      | Learned a level 1 spell: Shock
   477 | D:1      | Reached skill level 1 in Fighting
   557 | D:1      | Gained mutation: You sometimes gain a little power by taking damage. [demonic ancestry]
   557 | D:1      | Reached XP level 2. HP: 14/21 MP: 5/5
   774 | D:1      | Slain by a hobgoblin

Vault maps used:
D:1:      mrwooster_arrival_statue_2

Action                   || total
-------------------------++-------
Melee: Short sword       ||    47
       Club              ||     4
 Stab: Sleeping          ||     1
